 Dungeon Crawl Stone Soup version 0.25.1-2-g60ff931df9 (webtiles) character file.

Game seed: 695417211588271973

185 KyoPewz the Skirmisher (level 5, -2/59 HPs)
             Began as an Ogre Berserker on Oct 5, 2020.
             Was a Believer of Trog.
             Slain by an orc priest
             ... wielding a +2 vorpal flail
              (3 damage)
             ... on level 3 of the Dungeon.
             The game lasted 00:05:53 (2309 turns).

KyoPewz the Skirmisher (Ogre Berserker)             Turns: 2309, Time: 00:05:54

Health: -2/59      AC:  3    Str: 22    XL:     5   Next: 64%
Magic:  5/5        EV: 10    Int:  8    God:    Trog [**....]
Gold:   184        SH:  0    Dex:  8    Spells: 4/4 levels left

rFire    . . .     SeeInvis .   a - +0 mace
rCold    . . .     Gourm    .   (no shield)
rNeg     . . .     Faith    .   b - +0 animal skin
rPois    .         Spirit   .   (helmet restricted)
rElec    .         Reflect  .   (no cloak)
rCorr    .         Harm     .   (gloves unavailable)
MR       .....                  (boots unavailable)
Stlth    +.........             (no amulet)
HPRegen  0.19/turn              (no ring)
MPRegen  0.09/turn              (no ring)

@: berserk cooldown, slowed, very slow
A: large, unfitting armour, tough skin 1
a: Berserk, Trog's Hand, Renounce Religion


You were on level 3 of the Dungeon.
You worshipped Trog.
Trog was pleased with you.
You were hungry.

You visited 1 branch of the dungeon, and saw 3 of its levels.

You collected 184 gold pieces.

Inventory:

Hand Weapons
 a - a +0 mace (weapon)
 j - a +0 flail
   (You took it off a gnoll on level 2 of the Dungeon)
Armour
 b - a +0 animal skin (worn)
Jewellery
 d - an uncursed ring of protection from cold {unknown}
   (You found it on level 2 of the Dungeon)
Scrolls
 c - 3 scrolls of remove curse {unknown}
 g - a scroll of immolation {unknown}
 h - 4 scrolls of identify {@r1}
 i - 2 scrolls of blinking {unknown}
 k - a scroll of teleportation {unknown}
Potions
 f - a potion of flight
Comestibles
 e - 5 rations {!d}
 l - a chunk of flesh


   Skills:
 + Level 5.6 Fighting
 * Level 4.8 Maces & Flails
 - Level 2.6 Dodging


You had 4 spell levels left.
You didn't know any spells.
Your spell library was empty.

Dungeon Overview and Level Annotations

Branches:
Dungeon (3/15)

Altars:
Zin


Innate Abilities, Weirdness & Mutations

You are too large for most types of armour.
You have tough skin. (AC +1)


Message History

l - a chunk of flesh You see here a bat skeleton. x2
Found a scale mail.
An orc and an orc priest come into view.
The orc priest is wielding a +2 vorpal flail.
The orc shouts!
The orc priest shouts!
An orc comes into view. It is wielding a +0 short sword.
There are monsters nearby!
A red film seems to cover your vision as you go berserk!
You feel yourself moving faster!
You feel mighty!
You are feeling hungry.
You feel a strong urge to attack something.
The orc priest invokes the aid of Beogh against you.
Beogh smites you! The orc closely misses you.
Found a scale mail, 10 gold pieces and a leather armour.
The orc hits you with a +0 short sword.
The orc priest casts a cantrip, but nothing happens.
You barely miss the orc priest. The orc closely misses you.
You thump the orc priest! The orc closely misses you.
The orc priest mumbles some strange prayers to Beogh against you.
Pain shoots through your body! The orc closely misses you.
You closely miss the orc priest.
You are no longer berserk.
You pass out from exhaustion.
You feel yourself slow down. The orc hits you with a +0 short sword.
The orc priest hits you with a +2 vorpal flail.
The orc hits you with a +0 hand axe. The orc hits you but does no damage.
The orc priest hits you with a +2 vorpal flail.
* * * LOW HITPOINT WARNING * * *
* * * LOW HITPOINT WARNING * * *
The orc hits you but does no damage. The orc hits you with a +0 short sword.
* * * LOW HITPOINT WARNING * * *
The orc priest hits you with a +2 vorpal flail!
* * * LOW HITPOINT WARNING * * *
* * * LOW HITPOINT WARNING * * *
You can move again.
Here: an orc priest, wielding a +2 vorpal flail and wearing a +0 ring mail (severely wounded)
The floor, spattered with blood.
Here: an orc priest, wielding a +2 vorpal flail and wearing a +0 ring mail (severely wounded)
The floor, spattered with blood.
Here: an orc priest, wielding a +2 vorpal flail and wearing a +0 ring mail (severely wounded)
The floor, spattered with blood.
You hit the orc priest. The orc hits you with a +0 hand axe.
* * * LOW HITPOINT WARNING * * *
The orc hits you with a +0 short sword.
* * * LOW HITPOINT WARNING * * *
The orc priest hits you with a +2 vorpal flail!
* * * LOW HITPOINT WARNING * * *
You die...

##########.
#....$.[...
#..........
#..........
#..).....[. ..
#..$......# ....##
#.........# ...<..####
#..@o.[...#
....#....###..oo......
.........##..#####.##.
.............#### #
.........รท........
...........#....##
.####....####..#
#..#.## #... #<...<#
###


You could see an orc priest and 2 orcs.

Vanquished Creatures
  2 orc priests (D:2)
  4 adders
  3 gnolls (D:2)
  A worm (D:2)
  A dart slug (D:1)
  4 leopard geckos
  5 orcs (D:2)
  4 bats
  4 giant cockroaches (D:1)
  3 goblins
  7 hobgoblins
  3 jackals (D:2)
  2 ball pythons
  3 frilled lizards
  2 rats
48 creatures vanquished.

Notes
Turn   | Place    | Note
-------+----------+-------------------------------------------
     0 | D:1      | KyoPewz the Ogre Berserker began the quest for the Orb.
     0 | D:1      | Reached XP level 1. HP: 24/24 MP: 1/1
   168 | D:1      | Reached XP level 2. HP: 27/32 MP: 2/2
   901 | D:2      | Reached XP level 3. HP: 24/40 MP: 3/3
  1171 | D:2      | Reached XP level 4. HP: 49/49 MP: 4/4
  1270 | D:2      | Reached skill level 5 in Fighting
  1486 | D:2      | Reached ** piety under Trog
  1538 | D:2      | Reached XP level 5. HP: 53/57 MP: 5/5
  1860 | D:2      | Found a glowing silver altar of Zin.
  2309 | D:3      | HP: 1/59 [orc priest/+2 vorpal flail (8)]
  2309 | D:3      | Slain by an orc priest

Illustrated notes

Levels and vault maps discovered:
D:1:      dpeg_arrival_arbitrary_c, layout_loops_cross
D:2:      cheibrodos_pilgrimage, layout_basic, zin_statuary
D:3:      layout_rooms, lemuel_round_altar, lemuel_round_altar

Skill      XL: |  1  2  3  4 |
---------------+-------------+-----
Maces & Flails | 3 4 |  4.8
Fighting       | 5 |  5.6
Dodging        | |  2.6

Action                   |  1- 3 |  4- 6 || total
-------------------------+-------+-------++-------
Melee: Mace              |    75 |    70 ||   145
Invok: Berserk           |     1 |     3 ||     4
  Use: Scroll            |       |     1 ||     1
  Eat: Chunk             |     1 |     6 ||     7
Armor: Animal skin       |    18 |    15 ||    33
Dodge: Dodged            |    38 |    48 ||    86
